2728 views
Uploaded 2020-01-21 20:33:51
Game version 1.32.0.6
10:04 long 3on3 ladder game on (8)Mur'gulOasis_LV
Saved by BEARAND
2728 views
Uploaded 2020-01-21 20:33:51
Game version 1.32.0.6
10:04 long 3on3 ladder game on (8)Mur'gulOasis_LV


45 units @ 3.1k
/ 0k
79 buildings @ 7.5k
/ 3.1k

| Wisp | 16 | 960 | / | 0 |
| total: | 16 | 960g | / | 0w |
| Altar of Elders | 1 | 180 | / | 50 |
| Moon Well | 13 | 2340 | / | 520 |
| Hunter's Hall | 1 | 210 | / | 100 |
| Tree of Ages | 1 | 320 | / | 180 |
| Tree of Eternity | 1 | 330 | / | 200 |
| total: | 15 | 2730g | / | 670w |
| 0:01 | Wisp |
| 0:03 | Altar of Elders |
| 0:05 | Wisp |
| 0:11 | Moon Well |
| 0:24 | Wisp |
| 0:39 | Wisp |
| 0:45 | Wisp |
| 0:56 | Wisp |
| 1:20 | Wisp |
| 1:36 | Wisp |
| 1:50 | Moon Well |
| 1:57 | Wisp |
| 1:58 | Wisp |
| 2:02 | Entangling Roots |
| 2:11 | Moon Well |
| 2:16 | Wisp |
| 2:51 | Wisp |
| 3:09 | Wisp |
| 3:18 | Wisp |
| 3:22 | Moon Well |
| 4:07 | Moon Well |
| 4:09 | Wisp |
| 4:09 | Wisp |
| 4:30 | Moon Well |
| 4:38 | Moon Well |
| 4:53 | Moon Well |
| 4:56 | Tree of Ages |
| 5:22 | Moon Well |
| 5:26 | Thorns Aura |
| 6:29 | Moon Well |
| 6:32 | Moon Well |
| 7:11 | Hunter's Hall |
| 7:15 | Moon Well |
| 7:39 | Moon Well |
| 9:05 | Tree of Eternity |
| 9:48 | Entangling Roots |
| Right click | 565 |
| Assign group | 502 |
| Select group | 111 |
| Select | 58 |
| Resource trade | 57 |
| Build/train/purchase | 28 |
| Use ability | 21 |
| Chat | 16 |


| Boots of Speed | 2 | 500 |
| Staff of Teleportation | 3 | 450 |
| Healing Salve | 2 | 200 |
| total: | 7 | 1150g |
| Peasant | 14 | 1050 | / | 0 |
| total: | 14 | 1050g | / | 0w |
| Scout Tower | 32 | 960 | / | 640 |
| Arcane Tower | 4 | 280 | / | 200 |
| Guard Tower | 24 | 1680 | / | 1200 |
| Altar of Kings | 2 | 360 | / | 100 |
| Farm | 5 | 400 | / | 100 |
| Lumber Mill | 1 | 120 | / | 0 |
| Keep | 1 | 320 | / | 210 |
| Castle | 2 | 720 | / | 420 |
| total: | 40 | 1840g | / | 840w |
| 0:02 | Peasant |
| 0:02 | Peasant |
| 0:11 | Altar of Kings |
| 0:13 | Altar of Kings |
| 0:18 | Peasant |
| 0:19 | Farm |
| 0:21 | Peasant |
| 0:31 | Peasant |
| 0:38 | Peasant |
| 0:48 | Farm |
| 0:54 | Scout Tower |
| 0:54 | Peasant |
| 1:09 | Peasant |
| 1:15 | Peasant |
| 1:23 | Peasant |
| 1:25 | Lumber Mill |
| 1:28 | Peasant |
| 1:32 | Scout Tower |
| 1:34 | Scout Tower |
| 1:36 | Peasant |
| 1:39 | Scout Tower |
| 1:40 | Arcane Tower |
| 1:52 | Peasant |
| 1:58 | Arcane Tower |
| 2:02 | Peasant |
| 2:09 | Scout Tower |
| 2:12 | Blizzard |
| 2:20 | Scout Tower |
| 2:48 | Guard Tower |
| 2:48 | Guard Tower |
| 2:49 | Scout Tower |
| 2:50 | Scout Tower |
| 2:51 | Guard Tower |
| 2:52 | Scout Tower |
| 3:25 | Guard Tower |
| 3:26 | Guard Tower |
| 3:27 | Scout Tower |
| 3:27 | Scout Tower |
| 3:28 | Scout Tower |
| 3:31 | Farm |
| 3:33 | Keep |
| 3:33 | Guard Tower |
| 3:36 | Farm |
| 3:36 | Farm |
| 3:44 | Guard Tower |
| 3:45 | Scout Tower |
| 3:45 | Scout Tower |
| 3:46 | Scout Tower |
| 3:46 | Scout Tower |
| 3:46 | Scout Tower |
| 3:55 | Guard Tower |
| 4:17 | Scout Tower |
| 4:18 | Scout Tower |
| 4:18 | Scout Tower |
| 4:19 | Scout Tower |
| 4:21 | Scout Tower |
| 4:21 | Scout Tower |
| 4:23 | Scout Tower |
| 4:24 | Scout Tower |
| 4:25 | Boots of Speed |
| 4:26 | Staff of Teleportation |
| 4:34 | Staff of Teleportation |
| 4:49 | Healing Salve |
| 5:02 | Guard Tower |
| 5:25 | Brilliance Aura |
| 5:48 | Improved Masonry |
| 5:52 | Guard Tower |
| 5:53 | Guard Tower |
| 6:06 | Scout Tower |
| 6:06 | Scout Tower |
| 6:07 | Scout Tower |
| 6:08 | Scout Tower |
| 6:15 | Healing Salve |
| 6:26 | Guard Tower |
| 6:26 | Arcane Tower |
| 7:19 | Castle |
| 7:27 | Guard Tower |
| 7:36 | Scout Tower |
| 7:37 | Scout Tower |
| 7:38 | Scout Tower |
| 7:47 | Storm Bolt |
| 8:15 | Staff of Teleportation |
| 8:33 | Boots of Speed |
| 10:01 | Guard Tower |
| Right click | 822 |
| Select | 192 |
| Build/train/purchase | 64 |
| Chat | 50 |
| Select group | 41 |
| Use ability | 28 |
| Assign group | 6 |
| Misc. action | 5 |


| Healing Salve | 1 | 100 |
| Lesser Clarity Potion | 2 | 140 |
| Boots of Speed | 2 | 500 |
| Staff of Teleportation | 1 | 150 |
| total: | 6 | 890g |
| Peon | 15 | 1125 | / | 0 |
| total: | 15 | 1125g | / | 0w |
| Watch Tower | 18 | 1980 | / | 1440 |
| Altar of Storms | 1 | 180 | / | 50 |
| Orc Burrow | 3 | 480 | / | 120 |
| Voodoo Lounge | 1 | 130 | / | 30 |
| War Mill | 1 | 205 | / | 0 |
| Stronghold | 2 | 630 | / | 380 |
| total: | 24 | 2975g | / | 1640w |
| 0:06 | Altar of Storms |
| 0:10 | Orc Burrow |
| 0:20 | Peon |
| 0:20 | Peon |
| 0:27 | Peon |
| 0:28 | Peon |
| 0:40 | Peon |
| 0:57 | Voodoo Lounge |
| 1:12 | Peon |
| 1:23 | War Mill |
| 1:30 | Peon |
| 1:41 | Peon |
| 1:51 | Peon |
| 2:01 | Peon |
| 2:05 | Feral Spirit |
| 2:09 | Healing Salve |
| 2:09 | Lesser Clarity Potion |
| 2:11 | Lesser Clarity Potion |
| 2:36 | Stronghold |
| 2:52 | Watch Tower |
| 3:27 | Watch Tower |
| 3:29 | Watch Tower |
| 4:04 | Watch Tower |
| 4:57 | Orc Burrow |
| 5:07 | Reinforced Defenses |
| 5:08 | Spiked Barricades |
| 5:43 | Boots of Speed |
| 5:50 | Pocket Factory |
| 6:01 | Peon |
| 6:01 | Peon |
| 6:15 | Staff of Teleportation |
| 6:18 | Watch Tower |
| 6:18 | Watch Tower |
| 6:21 | Boots of Speed |
| 6:31 | Watch Tower |
| 6:38 | Watch Tower |
| 7:16 | Watch Tower |
| 7:18 | Watch Tower |
| 7:29 | Peon |
| 7:39 | Watch Tower |
| 7:43 | Watch Tower |
| 7:45 | Chain Lighting |
| 8:18 | Peon |
| 8:18 | Peon |
| 8:21 | Orc Burrow |
| 8:38 | Engineering Upgrade |
| 8:45 | Watch Tower |
| 8:46 | Watch Tower |
| 8:52 | Watch Tower |
| 8:53 | Watch Tower |
| 9:51 | Watch Tower |
| 9:51 | Watch Tower |
| 9:55 | Feral Spirit |
| Right click | 439 |
| Select group | 211 |
| Select | 120 |
| Chat | 96 |
| Build/train/purchase | 43 |
| Misc. action | 12 |
| Use ability | 9 |
| Minimap ping | 6 |
| Assign group | 5 |
| Item give/drop | 2 |
| Esc | 1 |
/ 0.9k
20 buildings @ 3.2k
/ 0.8k

| Acolyte | 2 | 150 | / | 0 |
| Ghoul | 4 | 480 | / | 0 |
| Crypt Fiend | 16 | 3440 | / | 640 |
| Peon | 7 | 525 | / | 0 |
| Grunt | 2 | 400 | / | 0 |
| Troll Headhunter | 14 | 1960 | / | 280 |
| total: | 45 | 6955g | / | 920w |
| Altar of Darkness | 1 | 180 | / | 50 |
| Ziggurat | 3 | 450 | / | 150 |
| Crypt | 1 | 200 | / | 50 |
| Graveyard | 1 | 215 | / | 0 |
| Halls of the Dead | 1 | 320 | / | 210 |
| Altar of Storms | 2 | 360 | / | 100 |
| Orc Burrow | 4 | 640 | / | 160 |
| Barracks | 1 | 180 | / | 50 |
| War Mill | 1 | 205 | / | 0 |
| Stronghold | 2 | 630 | / | 380 |
| total: | 14 | 2430g | / | 560w |
| 0:28 | Acolyte |
| 0:28 | Acolyte |
| 0:31 | Peon |
| 0:32 | Peon |
| 0:40 | Altar of Storms |
| 0:44 | Altar of Storms |
| 0:46 | Orc Burrow |
| 0:49 | Peon |
| 0:49 | Peon |
| 0:55 | Altar of Darkness |
| 0:57 | Ziggurat |
| 1:00 | Crypt |
| 1:13 | Barracks |
| 1:36 | Ziggurat |
| 1:42 | Graveyard |
| 2:02 | Ziggurat |
| 2:07 | Ghoul |
| 2:07 | Ghoul |
| 2:17 | Grunt |
| 2:18 | Grunt |
| 2:22 | War Mill |
| 2:23 | Peon |
| 2:23 | Peon |
| 2:31 | Peon |
| 2:52 | Wind Walk |
| 2:59 | Death Coil |
| 3:26 | Ghoul |
| 3:26 | Ghoul |
| 3:58 | Troll Headhunter |
| 3:58 | Troll Headhunter |
| 3:58 | Troll Headhunter |
| 4:10 | Troll Headhunter |
| 4:10 | Troll Headhunter |
| 4:14 | Crypt Fiend |
| 4:14 | Crypt Fiend |
| 4:14 | Crypt Fiend |
| 4:14 | Crypt Fiend |
| 4:14 | Crypt Fiend |
| 4:43 | Troll Headhunter |
| 4:43 | Troll Headhunter |
| 4:44 | Crypt Fiend |
| 4:44 | Crypt Fiend |
| 4:52 | Orc Burrow |
| 4:53 | Orc Burrow |
| 5:15 | Troll Headhunter |
| 5:17 | Crypt Fiend |
| 6:00 | Crypt Fiend |
| 6:01 | Crypt Fiend |
| 6:04 | Orc Burrow |
| 6:06 | Stronghold |
| 6:52 | Troll Headhunter |
| 6:52 | Troll Headhunter |
| 6:53 | Crypt Fiend |
| 6:53 | Crypt Fiend |
| 7:18 | Troll Headhunter |
| 7:19 | Troll Headhunter |
| 7:20 | Crypt Fiend |
| 7:20 | Crypt Fiend |
| 7:53 | Critical Strike |
| 8:32 | Troll Headhunter |
| 8:32 | Troll Headhunter |
| 8:33 | Crypt Fiend |
| 8:33 | Crypt Fiend |
| 8:37 | Halls of the Dead |
| 8:39 | Creature Attack |
| 8:39 | Creature Carapace |
| Right click | 416 |
| Select | 104 |
| Select group | 62 |
| Build/train/purchase | 61 |
| Chat | 31 |
| Assign group | 19 |
| Use ability | 8 |
| Remove unit | 2 |

| Peasant | 29 | 2175 | / | 0 |
| total: | 29 | 2175g | / | 0w |
| Farm | 3 | 240 | / | 60 |
| Altar of Kings | 1 | 180 | / | 50 |
| Barracks | 1 | 160 | / | 60 |
| Orc Burrow | 1 | 160 | / | 40 |
| total: | 6 | 740g | / | 210w |
| 0:12 | Farm |
| 0:13 | Farm |
| 0:14 | Farm |
| 0:18 | Altar of Kings |
| 0:20 | Peasant |
| 0:20 | Peasant |
| 0:36 | Peasant |
| 1:03 | Peasant |
| 1:21 | Peasant |
| 1:39 | Peasant |
| 2:06 | Barracks |
| 2:09 | Peasant |
| 2:09 | Peasant |
| 2:09 | Peasant |
| 2:12 | Peasant |
| 2:12 | Peasant |
| 2:28 | Holy Light |
| 3:15 | Peasant |
| 3:16 | Peasant |
| 3:50 | Peasant |
| 4:21 | Peasant |
| 4:21 | Peasant |
| 4:22 | Peasant |
| 4:34 | Peasant |
| 4:35 | Peasant |
| 4:41 | Peasant |
| 5:05 | Orc Burrow |
| 5:28 | Peasant |
| 5:28 | Peasant |
| 5:28 | Peasant |
| 5:50 | Peasant |
| 6:19 | Peasant |
| 7:21 | Peasant |
| 7:21 | Peasant |
| 7:22 | Peasant |
| 7:22 | Peasant |
| Right click | 192 |
| Select | 149 |
| Build/train/purchase | 50 |
| Minimap ping | 28 |
| Use ability | 11 |
| Select group | 6 |
| Assign group | 5 |
โ